 Dungeon Crawl Stone Soup version 0.20.1-1-g8b1a95d (webtiles) character file.

1634 Gargoyl the Covered (level 8, -3/105 HPs)
             Began as a Minotaur Abyssal Knight on Sept 20, 2017.
             Was a Priest of Lugonu.
             Killed from afar by a deep elf mage (24 damage)
             ... with an orb of energy
             ... on level 6 of the Dungeon.
             The game lasted 00:12:17 (6158 turns).

Gargoyl the Covered (Minotaur Abyssal Knight)       Turns: 6158, Time: 00:12:18

Health: -3/105     AC: 24    Str: 20    XL:     8   Next: 66%
Magic:  18/18      EV:  2    Int:  9    God:    Lugonu [***...]
Gold:   394        SH:  3    Dex: 11    Spells: 7/7 levels left

rFire    . . .     SeeInvis .   d - +0 broad axe
rCold    . . .     Gourm    +   J - +0 buckler
rNeg     + + +     Faith    .   (armour currently unavailable)
rPois    +         Spirit   .   (helmet currently unavailable)
rElec    .         Reflect  .   (cloak currently unavailable)
rCorr    .         Harm     .   (gloves currently unavailable)
MR       ++...     NoTele   +   (boots currently unavailable)
Stlth    +.........             k - amulet of the gourmand
Regen    0.3/turn               i - ring of magical power
MPRegen  0.2/turn               s - +2 ring of strength

@: tree-form
A: (retaliatory headbutt), low mp 1, magic resistance 2, evolution 1
a: Depart the Abyss, Bend Space, Banish, Renounce Religion


You were on level 6 of the Dungeon.
You worshipped Lugonu.
Lugonu was most pleased with you.
You were completely stuffed.
You were a tree.
You visited 1 branch of the dungeon, and saw 6 of its levels.
You visited the Abyss 1 time.
You also visited: Ossuary.

You collected 394 gold pieces.

Inventory:

Hand Weapons
 a - a +1 hand axe
 d - a +0 broad axe (weapon)
 z - the +1 hand axe of the Shark {protect, *Rage rElec Str+5}
   (You found it on level 4 of the Dungeon)

   It protects the one who uses it against injury (+AC on strike).
   It affects your strength (+5).
   It insulates you from electricity.
   It may make you go berserk in combat.
 L - a +0 war axe
Armour
 I - a +0 chain mail (melded)
 J - a +0 buckler (worn)
Jewellery
 i - a ring of magical power (left branch)
 k - an amulet of the gourmand (around neck)
 s - a +2 ring of strength (right branch)
Wands
 h - a wand of acid (4/15)
 y - a wand of disintegration (15/24)
 A - a wand of polymorph (13/24)
 D - a wand of iceblast (5/15)
 E - a wand of enslavement (18/24)
 M - a wand of iceblast (7/15)
Scrolls
 o - 4 scrolls of teleportation
 p - a scroll of fear
 t - 4 scrolls of identify
 v - 4 scrolls of remove curse
 B - a scroll of amnesia
Potions
 g - a potion of magic
 l - a potion of ambrosia
 m - 3 potions of curing
 n - a potion of cancellation
 q - 2 potions of heal wounds {unknown}
 r - 2 potions of lignification
 w - 2 potions of agility
 C - a potion of might {unknown}
 F - a potion of mutation
 H - a potion of degeneration {unknown}
 K - a potion of haste {unknown}
 N - a potion of flight {unknown}
 O - a potion of resistance {unknown}
Books
 b - a book of Cantrips

   Spells                             Type                      Level
   a - Confusing Touch                Hexes                        1
   b - Animate Skeleton               Necromancy                   1
   c - Summon Small Mammal            Summoning                    1
   d - Apportation                    Translocation                1
 e - a book of Necromancy

   Spells                             Type                      Level
   a - Pain                           Necromancy                   1
   b - Animate Skeleton               Necromancy                   1
   c - Vampiric Draining              Necromancy                   3
   d - Regeneration                   Charms/Necromancy            3
   e - Animate Dead                   Necromancy                   4
   f - Control Undead                 Necromancy                   4
 f - a book of Callings

   Spells                             Type                      Level
   a - Summon Small Mammal            Summoning                    1
   b - Call Imp                       Summoning                    2
   c - Call Canine Familiar           Summoning                    3
   d - Summon Guardian Golem          Hexes/Summoning              3
   e - Summon Lightning Spire         Summoning/Air                4
   f - Summon Ice Beast               Ice/Summoning                4
 P - a book of Flames

   Spells                             Type                      Level
   a - Flame Tongue                   Conjuration/Fire             1
   b - Throw Flame                    Conjuration/Fire             2
   c - Conjure Flame                  Conjuration/Fire             3
   d - Inner Flame                    Hexes/Fire                   3
   e - Sticky Flame                   Conjuration/Fire             4
   f - Fireball                       Conjuration/Fire             5
Comestibles
 c - 5 bread rations
 j - 6 fruits
 u - 3 meat rations
 x - a royal jelly


   Skills:
 + Level 6.0 Fighting
 + Level 7.2 Axes
 * Level 7.9 Armour
 + Level 3.2 Dodging
 + Level 0.2 Shields
 * Level 5.0 Invocations
 + Level 0.1 Evocations


You had 7 spell levels left.
You didn't know any spells.

Dungeon Overview and Level Annotations

Branches:
Dungeon (6/15)             Temple (0/1) D:5

Altars:
Dithmenos
Qazlal


Innate Abilities, Weirdness & Mutations

((You reflexively headbutt those who attack you in melee.))
((You have a pair of horns on your head.))
Your magical capacity is low. (-10% MP)
You are highly resistant to hostile enchantments. (MR++)
You evolve.


Message History

The deep elf mage hits you but does no damage.
There is an open gate, spattered with blood here.
Your shield prevents you from hitting the deep elf mage.
The deep elf mage is severely wounded.
The deep elf mage gestures at you while chanting.
The magic dart hits you!
The battlesphere fires!
The barrage of energy hits you!
You closely miss the deep elf mage. Your headbutt misses the deep elf mage.
The deep elf mage is severely wounded.
The deep elf mage casts a spell at you. The magic dart hits you!
* * * LOW HITPOINT WARNING * * *
The battlesphere fires!
The barrage of energy hits you!
* * * LOW HITPOINT WARNING * * *
You turn into a tree.
Your +0 chain mail melds into your body.
Your roots penetrate the ground.
The deep elf mage casts a spell at you.
Helpless, you fail to dodge the orb of energy.
You die...

.# ##.# .#### #.# .##### #.##
...# #.# ### .....# #..#
#...##.#######...
..##.####..#######....##......#
.###.....................###.# #
.##......###########.........###.
...................#.......##....
...##..............#.............
..####...8######♣''#...........##
...##..>.......+e.⌠#.........###
...............+...#.........###
†##.......... +P.*#....####...##
.###.#...8######+++#....# ###...
..##.##........ #....# ###.
.....##........ #....# ##
...#.....###########.#..###### #
.....................#.......#


You could see a deep elf mage and a battlesphere.

Vanquished Creatures
  The ghost of letownia the Insei, a novice OpTm (Ossuary)
  2 wraiths (Ossuary)
  A phantom (D:6)
  2 ogres
  2 bullfrogs
  A scorpion (D:6)
  3 wights (Ossuary)
  A crimson imp (D:5)
  2 orc wizards
  A hound (D:6)
  A bullfrog skeleton (D:4)
  2 orc priests
  An iguana (D:6)
  3 worker ants
  A hound skeleton (D:5)
  8 adders
  A shadow imp (D:5)
  2 adder skeletons (D:4)
  4 worms
  2 dart slugs
  4 leopard geckos
  20 orcs
  6 giant cockroaches
  6 goblins
  5 hobgoblins
  10 jackals
  3 quokkas
  3 ball pythons
  A ball python skeleton (Ossuary)
  6 bats
  3 frilled lizards
  2 hobgoblin skeletons (Ossuary)
  8 kobolds
  A kobold zombie (Ossuary)
  A leopard gecko skeleton (D:6)
  2 orc skeletons (Ossuary)
  3 orc zombies (Ossuary)
  A quokka skeleton (D:5)
  A quokka zombie (D:5)
  6 rats
  A rat zombie (D:5)
134 creatures vanquished.

Notes
Turn   | Place    | Note
-------+----------+-------------------------------------------
     0 | Abyss:1  | Gargoyl the Minotaur Abyssal Knight began the quest for the Orb.
     0 | Abyss:1  | Reached XP level 1. HP: 19/19 MP: 1/1
   153 | Abyss:2  | Noticed a large abomination
   160 | Abyss:2  | Noticed a fire giant skeleton
   164 | Abyss:3  | Noticed a large abomination
   165 | D:1      | Escaped the Abyss
   216 | D:1      | Reached XP level 2. HP: 12/27 MP: 2/2
   674 | D:1      | Reached * piety under Lugonu
  1028 | D:2      | Reached XP level 3. HP: 32/33 MP: 3/3
  1393 | D:2      | Reached XP level 4. HP: 30/41 MP: 4/4
  1981 | D:2      | Gained mutation: You have a pair of large horns on your head. [potion of mutation]
  1981 | D:2      | Gained mutation: You are agile. (Dex +2) [potion of mutation]
  2957 | D:3      | Reached XP level 5. HP: 30/47 MP: 6/6
  3502 | D:4      | Got a bloodstained hand axe
  3503 | D:4      | Identified the cursed +1 hand axe of the Shark {protect, *Rage rElec Str+5} (You found it on level 4 of the Dungeon)
  3552 | D:4      | Reached ** piety under Lugonu
  3623 | D:4      | Lost mutation: You are agile. (Dex +2) [potion of mutation]
  3623 | D:4      | Lost mutation: You have a pair of large horns on your head. [potion of mutation]
  3623 | D:4      | Gained mutation: Your magical capacity is low. (-10% MP) [potion of mutation]
  3623 | D:4      | Gained mutation: You are resistant to hostile enchantments. (MR+) [potion of mutation]
  3623 | D:4      | Gained mutation: You evolve. [potion of mutation]
  3623 | D:4      | Gained mutation: You are highly resistant to hostile enchantments. (MR++) [potion of mutation]
  3667 | D:4      | Noticed an ogre
  3669 | D:4      | Killed an ogre
  3669 | D:4      | Reached skill level 5 in Fighting
  3669 | D:4      | Reached XP level 6. HP: 56/56 MP: 6/6
  3718 | D:4      | Found a stormy altar of Qazlal.
  3780 | D:4      | Reached skill level 5 in Armour
  4005 | D:5      | Entered Level 5 of the Dungeon
  4207 | D:5      | Reached skill level 5 in Axes
  4250 | D:5      | Found a staircase to the Ecumenical Temple.
  4272 | D:5      | Found a sand-covered staircase.
  4280 | Ossuary  | Entered an ossuary
  4348 | Ossuary  | Reached XP level 7. HP: 28/61 MP: 7/7
  4423 | Ossuary  | Noticed letownia's ghost (novice OpTm)
  4479 | Ossuary  | Killed letownia's ghost
  4664 | Ossuary  | Noticed a wraith
  4664 | Ossuary  | Noticed a flying skull
  4669 | Ossuary  | Noticed a flying skull
  4672 | Ossuary  | Noticed a flying skull
  4674 | Ossuary  | Noticed a flying skull
  4708 | Ossuary  | Noticed a wraith
  4720 | Ossuary  | Killed a wraith
  4728 | Ossuary  | Noticed a flying skull
  4756 | Ossuary  | Reached XP level 8. HP: 61/69 MP: 9/9
  5341 | D:5      | Reached *** piety under Lugonu
  6068 | D:6      | Found a shadowy altar of Dithmenos.
  6073 | D:6      | Reached skill level 5 in Invocations
  6141 | D:6      | Noticed a deep elf mage
  6158 | D:6      | Killed from afar by a deep elf mage

Skill      XL: |  1  2  3  4  5  6  7  8 |
---------------+-------------------------+-----
Fighting       | 4 5 6 |  6.0
Invocations    | 2 3 4 5 |  5.0
Axes           | 3 4 5 6 7 |  7.2
Armour         | 3 4 5 6 7 |  7.9
Dodging        | 2 3 |  3.2
Shields        | |  0.2
Evocations     | |  0.1

Action                   |  1- 3 |  4- 6 |  7- 9 || total
-------------------------+-------+-------+-------++-------
Melee: Hand axe          |    66 |   123 |   100 ||   289
       Headbutt          |     4 |    19 |    27 ||    50
       Broad axe         |       |       |    49 ||    49
Invok: Depart the Abyss  |     1 |       |       ||     1
Evoke: Wand              |       |     2 |       ||     2
  Use: Scroll            |     7 |     9 |     5 ||    21
       Potion            |       |     3 |     1 ||     4
 Stab: Distracted        |       |       |     1 ||     1
  Eat: Chunk             |     8 |    12 |     6 ||    26
Armor: Leather armour    |    10 |     6 |       ||    16
       Ring mail         |       |    43 |    19 ||    62
       Chain mail        |       |       |    32 ||    32
       Scale mail        |       |       |    25 ||    25
Dodge: Dodged            |    53 |    79 |    71 ||   203
Block: Buckler           |       |       |    11 ||    11
